Construct Section Command Post
Selects Indian Artillery Battlegroup
Construct Platoon Command Post
Selects Towed ML 4.2-inch Heavy Mortar
Towed ML 4.2-inch Heavy Mortar
Selects Gurkha Rifles Section
Construct Field Infirmary
6-pounder Anti-tank Gun Team
Selects Off-map Airburst Barrage
Unlock M3 Stuart Light Tanks
Selects Volunteer Infantry
Construct Company Command Post
Selects Perimeter Monitor